[Event "Live Chess"]
[Site "Chess.com"]
[Date "2010.12.10"]
[Round "-"]
[White "hipposcottimus"]
[Black "Hedmo461"]
[Result "0-1"]
[CurrentPosition "8/6pp/4p3/1p6/8/6k1/r4N2/5K2 w - -"]
[Timezone "UTC"]
[ECO "B00"]
[ECOUrl "https://www.chess.com/openings/Owens-Defense-2.d4-Bb7"]
[UTCDate "2010.12.10"]
[UTCTime "21:47:47"]
[WhiteElo "1675"]
[BlackElo "1483"]
[TimeControl "60"]
[Termination "Hedmo461 won on time"]
[StartTime "21:47:47"]
[EndDate "2010.12.10"]
[EndTime "21:50:06"]
[Link "https://www.chess.com/game/live/76030925"]

1. e4 b6 2. d4 Bb7 3. e5 e6 4. Qd3 c5 5. Nf3 cxd4 6. Nxd4 Nc6 7. f3 Nxe5 8. Qb5 Qc7 9. Nc3 Rc8 10. Bd3 Bc6 11. Qb3 Bd5 12. Qb4 Bxb4 13. O-O Nxd3 14. cxd3 Bxc3 15. bxc3 Qxc3 16. Nb5 Qxa1 17. Nxa7 Qd4+ 18. Kh1 Rxc1 19. Rxc1 Qxd3 20. Rc8+ Ke7 21. Rc1 Qd2 22. Nc8+ Kf6 23. Rf1 Bc4 24. Rg1 Qf2 25. Nd6 Nh6 26. Nxc4 Rc8 27. Nd6 Nf5 28. Ne4+ Kg6 29. Nxf2 Nh4 30. Ng4 Kg5 31. Ne5 Kh5 32. Nxd7 Rc7 33. Ne5 f6 34. Ng4 f5 35. Ne3 f4 36. Nf1 Rc2 37. g3 fxg3 38. hxg3 Nxf3 39. g4+ Kg5 40. Ng3 Nxg1 41. Ne4+ Kxg4 42. Kxg1 Rxa2 43. Nf2+ Kg3 44. Kf1 b5 0-1

[Event "Live Chess"]
[Site "Chess.com"]
[Date "2010.12.10"]
[Round "-"]
[White "rodolf"]
[Black "hipposcottimus"]
[Result "0-1"]
[CurrentPosition "5r1k/ppp3pp/8/8/2B1P3/2P1q1Pb/PP6/3R1RK1 w - -"]
[Timezone "UTC"]
[ECO "C20"]
[ECOUrl "https://www.chess.com/openings/Kings-Pawn-Opening-Leonardis-Variation"]
[UTCDate "2010.12.10"]
[UTCTime "21:45:07"]
[WhiteElo "1594"]
[BlackElo "1686"]
[TimeControl "60"]
[Termination "hipposcottimus won on time"]
[StartTime "21:45:07"]
[EndDate "2010.12.10"]
[EndTime "21:47:17"]
[Link "https://www.chess.com/game/live/76030215"]

1. e4 e5 2. d3 Nc6 3. c3 Nf6 4. Qc2 d5 5. Bg5 dxe4 6. dxe4 Qd6 7. Nd2 Nd7 8. Bb5 f6 9. Bh4 Be7 10. Bg3 O-O 11. Rd1 f5 12. Nc4 Qg6 13. exf5 Rxf5 14. Ne3 Rg5 15. Bd3 Qf6 16. Nd5 Qh6 17. Nxe7+ Nxe7 18. Bc4+ Kh8 19. Nf3 Rxg3 20. fxg3 e4 21. O-O exf3 22. gxf3 Nf5 23. Qe4 Nxg3 24. hxg3 Nc5 25. Kg2 Bh3+ 26. Kf2 Nxe4+ 27. fxe4 Rf8+ 28. Kg1 Qe3+ 0-1

[Event "Live Chess"]
[Site "Chess.com"]
[Date "2010.12.10"]
[Round "-"]
[White "dgolds25"]
[Black "hipposcottimus"]
[Result "0-1"]
[CurrentPosition "3R4/3R1ppp/4pk2/8/8/5P2/N1r1KPPP/8 w - -"]
[Timezone "UTC"]
[ECO "A06"]
[ECOUrl "https://www.chess.com/openings/Reti-Opening-Reversed-Mexican-Defense"]
[UTCDate "2010.12.10"]
[UTCTime "21:42:22"]
[WhiteElo "1520"]
[BlackElo "1680"]
[TimeControl "60"]
[Termination "hipposcottimus won on time"]
[StartTime "21:42:22"]
[EndDate "2010.12.10"]
[EndTime "21:44:38"]
[Link "https://www.chess.com/game/live/76029468"]

1. Nf3 d5 2. Nc3 Bg4 3. d4 Bxf3 4. exf3 Nc6 5. Bb5 e6 6. Bxc6+ bxc6 7. Bf4 Nf6 8. Qd2 Bb4 9. Be5 O-O 10. O-O-O Nd7 11. Qd3 Nxe5 12. dxe5 c5 13. Ne2 c4 14. Qe3 Rb8 15. Qxa7 c5 16. a3 Ba5 17. Qxc5 Bb6 18. Qb4 Qc7 19. Qc3 Qb7 20. Nd4 Bc7 21. Kb1 Bxe5 22. Qe3 Bc7 23. Qc3 Bb6 24. Ne2 Qa7 25. Nc1 d4 26. Qxc4 Rbc8 27. Qb3 Qc7 28. Rd2 Qb7 29. a4 Rc6 30. a5 Rfc8 31. axb6 Rxb6 32. Qa3 Rxb2+ 33. Qxb2 Qxb2+ 34. Kxb2 Rb8+ 35. Ka3 Ra8+ 36. Kb4 Rb8+ 37. Kc4 Rc8+ 38. Kxd4 Rd8+ 39. Ke3 Rc8 40. Rhd1 Rc3+ 41. Ke2 Kf8 42. Rd8+ Ke7 43. R1d7+ Kf6 44. Na2 Rxc2+ 0-1

[Event "Live Chess"]
[Site "Chess.com"]
[Date "2010.12.10"]
[Round "-"]
[White "ALFREDO3131"]
[Black "hipposcottimus"]
[Result "1-0"]
[CurrentPosition "8/2pk2p1/1p3q2/2Q3N1/3P4/4B3/bPR2PPP/6K1 w - -"]
[Timezone "UTC"]
[ECO "C24"]
[ECOUrl "https://www.chess.com/openings/Bishops-Opening-Berlin-Ponziani-Gambit-3...exd4"]
[UTCDate "2010.12.10"]
[UTCTime "21:39:11"]
[WhiteElo "1889"]
[BlackElo "1675"]
[TimeControl "60+2"]
[Termination "ALFREDO3131 won by resignation"]
[StartTime "21:39:11"]
[EndDate "2010.12.10"]
[EndTime "21:41:28"]
[Link "https://www.chess.com/game/live/76028513"]

1. e4 e5 2. d4 exd4 3. Bc4 Nf6 4. Nf3 d6 5. O-O Be7 6. e5 dxe5 7. Nxe5 O-O 8. Nxf7 Rxf7 9. Bxf7+ Kxf7 10. c3 Be6 11. cxd4 Nc6 12. Be3 Bc4 13. Re1 Bb4 14. Nc3 Ne4 15. Nxe4 Bxe1 16. Qxe1 Kg8 17. Qc3 Bd5 18. Ng5 Qf6 19. Qd3 Nb4 20. Qxh7+ Kf8 21. Qh8+ Ke7 22. Qxa8 Nc2 23. Rc1 Kd6 24. Qxa7 Bxa2 25. Qc5+ Kd7 26. Rxc2 b6 1-0

[Event "Live Chess"]
[Site "Chess.com"]
[Date "2010.12.10"]
[Round "-"]
[White "KingGambit80"]
[Black "hipposcottimus"]
[Result "1-0"]
[CurrentPosition "r1b2rk1/ppp2ppp/1n1b4/4p3/4Q3/1PNB4/P2P1PPP/R1B1R1K1 b - -"]
[Timezone "UTC"]
[ECO "C65"]
[ECOUrl "https://www.chess.com/openings/Ruy-Lopez-Opening-Berlin-Defense-4.O-O"]
[UTCDate "2010.12.10"]
[UTCTime "19:13:16"]
[WhiteElo "1338"]
[BlackElo "1441"]
[TimeControl "300"]
[Termination "KingGambit80 won - game abandoned"]
[StartTime "19:13:16"]
[EndDate "2010.12.10"]
[EndTime "19:15:39"]
[Link "https://www.chess.com/game/live/75988099"]

1. e4 e5 2. Nf3 Nc6 3. Bb5 Nf6 4. O-O Nd4 5. Nxd4 exd4 6. Re1 Be7 7. e5 Nd5 8. Bc4 Nb6 9. Bd3 O-O 10. c3 d6 11. cxd4 dxe5 12. Qe2 Qxd4 13. Nc3 Bd6 14. b3 Qe4 15. Qxe4 1-0

[Event "Live Chess"]
[Site "Chess.com"]
[Date "2010.12.10"]
[Round "-"]
[White "hipposcottimus"]
[Black "Horst77"]
[Result "0-1"]
[CurrentPosition "7r/pp1k1pp1/1n2p1p1/3p4/P2P1P2/BP3Q2/2r3P1/2R2RKq w - -"]
[Timezone "UTC"]
[ECO "B10"]
[ECOUrl "https://www.chess.com/openings/Caro-Kann-Defense-2.Nf3-d5"]
[UTCDate "2010.12.10"]
[UTCTime "18:50:36"]
[WhiteElo "1679"]
[BlackElo "1750"]
[TimeControl "60"]
[Termination "Horst77 won by checkmate"]
[StartTime "18:50:36"]
[EndDate "2010.12.10"]
[EndTime "18:52:21"]
[Link "https://www.chess.com/game/live/75983168"]

1. e4 c6 2. Nf3 d5 3. e5 Bf5 4. d4 e6 5. Nh4 Bg6 6. Nxg6 hxg6 7. c4 dxc4 8. Bxc4 Ne7 9. Nc3 Nd5 10. O-O Nd7 11. Bxd5 cxd5 12. f4 Bb4 13. Qf3 Nb6 14. Nb5 Qh4 15. Nd6+ Ke7 16. a3 Qxh2+ 17. Kf2 Bxd6 18. exd6+ Kxd6 19. a4 Nc4 20. b3 Qh4+ 21. Kg1 Nb6 22. Ba3+ Kd7 23. Rac1 Rac8 24. Rcd1 Rc2 25. Rc1 Qh1# 0-1

[Event "Live Chess"]
[Site "Chess.com"]
[Date "2010.12.10"]
[Round "-"]
[White "Horst77"]
[Black "hipposcottimus"]
[Result "1-0"]
[CurrentPosition "r3r3/pp1bbkpp/3P1p2/2p2q2/2QB4/2N2N2/PP4PP/R3R1K1 b - -"]
[Timezone "UTC"]
[ECO "C65"]
[ECOUrl "https://www.chess.com/openings/Ruy-Lopez-Opening-Berlin-Defense-4.O-O"]
[UTCDate "2010.12.10"]
[UTCTime "18:48:38"]
[WhiteElo "1743"]
[BlackElo "1686"]
[TimeControl "60"]
[Termination "Horst77 won on time"]
[StartTime "18:48:38"]
[EndDate "2010.12.10"]
[EndTime "18:50:20"]
[Link "https://www.chess.com/game/live/75982607"]

1. e4 e5 2. Nf3 Nc6 3. Bb5 Nf6 4. O-O Nd4 5. Nxe5 Nxb5 6. d4 Nxe4 7. Re1 d5 8. f3 Be6 9. fxe4 f6 10. Nf3 Be7 11. exd5 Qxd5 12. Qe2 Kf7 13. Be3 Nd6 14. c4 Qf5 15. Nc3 Rhe8 16. d5 Bd7 17. Bd4 Nxc4 18. Qxc4 c5 19. d6+ 1-0

[Event "Live Chess"]
[Site "Chess.com"]
[Date "2010.12.10"]
[Round "-"]
[White "hipposcottimus"]
[Black "Horst77"]
[Result "1-0"]
[CurrentPosition "3r1rk1/5pq1/p3p3/1p6/8/8/PP1pQ1PP/5R1K b - -"]
[Timezone "UTC"]
[ECO "B10"]
[ECOUrl "https://www.chess.com/openings/Caro-Kann-Defense-2.Nf3-d5"]
[UTCDate "2010.12.10"]
[UTCTime "18:46:06"]
[WhiteElo "1693"]
[BlackElo "1735"]
[TimeControl "60"]
[Termination "hipposcottimus won on time"]
[StartTime "18:46:06"]
[EndDate "2010.12.10"]
[EndTime "18:48:21"]
[Link "https://www.chess.com/game/live/75981923"]

1. e4 c6 2. Nf3 d5 3. e5 Bf5 4. d4 e6 5. Nc3 c5 6. Bd3 Bxd3 7. Qxd3 Nc6 8. Qb5 Qb6 9. dxc5 Bxc5 10. O-O a6 11. Qa4 Ne7 12. Be3 Bxe3 13. fxe3 Qxe3+ 14. Kh1 O-O 15. Rae1 Qc5 16. Rd1 b5 17. Qh4 Ng6 18. Qh3 Ncxe5 19. Ng5 h6 20. Nf3 Nxf3 21. Rxf3 d4 22. Ne2 Rad8 23. Nf4 Nxf4 24. Rxf4 Qxc2 25. Rdf1 d3 26. Rg4 Kh8 27. Rh4 Qd2 28. Re4 Qg5 29. Rg4 Qe5 30. Rh4 d2 31. Rxh6+ gxh6 32. Qxh6+ Kg8 33. Qe3 Qg7 34. Qe2 1-0

[Event "Live Chess"]
[Site "Chess.com"]
[Date "2010.12.10"]
[Round "-"]
[White "Marpol"]
[Black "hipposcottimus"]
[Result "1-0"]
[CurrentPosition "3b4/P5pp/1N1p4/3P4/4P3/3k4/2R2PPP/4K3 b - -"]
[Timezone "UTC"]
[ECO "C47"]
[ECOUrl "https://www.chess.com/openings/Four-Knights-Game-Italian-Variation"]
[UTCDate "2010.12.10"]
[UTCTime "18:18:36"]
[WhiteElo "1539"]
[BlackElo "1441"]
[TimeControl "720"]
[Termination "Marpol won by resignation"]
[StartTime "18:18:36"]
[EndDate "2010.12.10"]
[EndTime "18:36:36"]
[Link "https://www.chess.com/game/live/75974590"]

1. e4 e5 2. Nf3 Nc6 3. Bc4 Nf6 4. Nc3 b6 5. a3 Be7 6. d4 d6 7. d5 Na5 8. Ba2 Ba6 9. a4 O-O 10. b4 Nc4 11. b5 c6 12. Bxc4 cxb5 13. Bxb5 Bb7 14. O-O a6 15. Bd3 Nd7 16. Qe2 Nc5 17. Bc4 Bc8 18. Be3 f5 19. Bxc5 bxc5 20. exf5 Bxf5 21. Bxa6 Qa5 22. Bd3 Qxc3 23. Bxf5 Rxf5 24. Qd3 Qxd3 25. cxd3 Raf8 26. a5 R5f6 27. a6 Rg6 28. a7 Ra8 29. Rfb1 Rf6 30. Rb8+ Rf8 31. Rb7 Rf7 32. Rab1 Bf8 33. Rxf7 Kxf7 34. Rb7+ Be7 35. Ng5+ Kf6 36. Ne6 e4 37. dxe4 c4 38. Kf1 c3 39. Ke1 Ke5 40. Nc7 Kd4 41. Nxa8 c2 42. Rc7 Kd3 43. Nb6 Bd8 44. Rxc2 1-0

[Event "Live Chess"]
[Site "Chess.com"]
[Date "2010.12.10"]
[Round "-"]
[White "hipposcottimus"]
[Black "hux-2010"]
[Result "1-0"]
[CurrentPosition "8/5r2/5p1p/p5k1/8/1R6/PP3PPP/4R1K1 b - -"]
[Timezone "UTC"]
[ECO "B07"]
[ECOUrl "https://www.chess.com/openings/Pirc-Defense-2.d4-c6-3.Nf3"]
[UTCDate "2010.12.10"]
[UTCTime "18:14:47"]
[WhiteElo "1684"]
[BlackElo "1786"]
[TimeControl "60"]
[Termination "hipposcottimus won by resignation"]
[StartTime "18:14:47"]
[EndDate "2010.12.10"]
[EndTime "18:16:23"]
[Link "https://www.chess.com/game/live/75973645"]

1. e4 d6 2. d4 c6 3. Nf3 Bd7 4. c4 Qc7 5. c5 a6 6. cxd6 exd6 7. Be2 Be7 8. O-O Nf6 9. Nc3 Ng4 10. e5 dxe5 11. dxe5 Be6 12. Bf4 O-O 13. Re1 Rd8 14. Bd3 Bc4 15. Ng5 Bxd3 16. e6 Bf5 17. Bxc7 Rxd1 18. Raxd1 fxe6 19. Bg3 h6 20. Nxe6 Bxe6 21. Rxe6 Bf6 22. Re8+ Kh7 23. Ree1 a5 24. Ne4 Na6 25. Nxf6+ Nxf6 26. Be5 Nc5 27. Bxf6 gxf6 28. Re7+ Kg6 29. Ree1 Rg8 30. Rc1 Rf8 31. Rxc5 b6 32. Rxc6 Rf7 33. Rxb6 Kg5 34. Rb3 1-0

[Event "Live Chess"]
[Site "Chess.com"]
[Date "2010.12.10"]
[Round "-"]
[White "hipposcottimus"]
[Black "cyclone007"]
[Result "1-0"]
[CurrentPosition "7r/2k4p/6p1/n4p2/B3pPn1/2P5/P5PP/3R3K b - -"]
[Timezone "UTC"]
[ECO "C50"]
[ECOUrl "https://www.chess.com/openings/Italian-Game"]
[UTCDate "2010.12.10"]
[UTCTime "18:11:55"]
[WhiteElo "1672"]
[BlackElo "1415"]
[TimeControl "60"]
[Termination "hipposcottimus won on time"]
[StartTime "18:11:55"]
[EndDate "2010.12.10"]
[EndTime "18:14:00"]
[Link "https://www.chess.com/game/live/75972770"]

1. e4 e5 2. Nf3 Nc6 3. Bc4 b6 4. Nxe5 Qe7 5. d4 f6 6. Bf7+ Kd8 7. d5 Nxe5 8. Bh5 g6 9. Be2 Bb7 10. Nc3 Kc8 11. O-O Kb8 12. f4 Nf7 13. Kh1 d6 14. Bf3 Kc8 15. Ne2 Bg7 16. c4 Ngh6 17. Nc3 f5 18. e5 dxe5 19. Re1 e4 20. Na4 Qf6 21. c5 bxc5 22. Be2 a6 23. Nxc5 c6 24. Qb3 Rb8 25. dxc6 Bxc6 26. Bxa6+ Kc7 27. Qa4 Bxa4 28. Nxa4 Nd8 29. Nc3 Nc6 30. Nd5+ Kd6 31. Nxf6 Bxf6 32. Rd1+ Ke7 33. Bd2 Rbd8 34. Bc3 Ng4 35. Rxd8 Kxd8 36. Bb5 Bxc3 37. Rd1+ Kc7 38. bxc3 Na5 39. Ba4 1-0

[Event "Live Chess"]
[Site "Chess.com"]
[Date "2010.12.10"]
[Round "-"]
[White "hipposcottimus"]
[Black "godaekil"]
[Result "1-0"]
[CurrentPosition "8/8/6p1/2k1p3/4p2P/6P1/8/7K b - h3"]
[Timezone "UTC"]
[ECO "B52"]
[ECOUrl "https://www.chess.com/openings/Sicilian-Defense-Canal-Main-Line"]
[UTCDate "2010.12.10"]
[UTCTime "08:53:06"]
[WhiteElo "1669"]
[BlackElo "1589"]
[TimeControl "60"]
[Termination "hipposcottimus won on time"]
[StartTime "08:53:06"]
[EndDate "2010.12.10"]
[EndTime "08:55:27"]
[Link "https://www.chess.com/game/live/75845089"]

1. e4 c5 2. Nf3 d6 3. Bb5+ Bd7 4. Be2 Nc6 5. d4 cxd4 6. Nxd4 Nxd4 7. Qxd4 Nf6 8. Bc4 g6 9. Nc3 Bh6 10. Bxh6 Ng4 11. Bg7 Rg8 12. Qd5 Be6 13. Qxb7 Bxc4 14. Bd4 Ne5 15. b3 Be6 16. O-O Kf8 17. Nd5 Bxd5 18. Qxd5 Kg7 19. f4 Kf8 20. fxe5 a6 21. exd6 exd6 22. Bf6 Qd7 23. Qg5 Ke8 24. Qh6 Qe6 25. Qxh7 Rf8 26. Bg7 Ke7 27. Bxf8+ Rxf8 28. Qh4+ Ke8 29. Qf4 Qe5 30. Qe3 Qc5 31. Rad1 Qxe3+ 32. Kh1 Qg5 33. Rfe1 Qe5 34. Rd5 Ke7 35. Rxe5+ dxe5 36. Rd1 f6 37. c4 Ke6 38. c5 f5 39. b4 fxe4 40. c6 Kf5 41. Rc1 Rc8 42. c7 Ke6 43. a4 Kd6 44. b5 axb5 45. axb5 Rxc7 46. Rxc7 Kxc7 47. b6+ Kxb6 48. g3 Kc5 49. h4 1-0

[Event "Live Chess"]
[Site "Chess.com"]
[Date "2010.12.10"]
[Round "-"]
[White "pjnk"]
[Black "hipposcottimus"]
[Result "1-0"]
[CurrentPosition "r1bq1k1r/pp1pRp1p/5PpQ/1p6/3p4/8/PPPP1PPP/RNB3K1 b - -"]
[Timezone "UTC"]
[ECO "C65"]
[ECOUrl "https://www.chess.com/openings/Ruy-Lopez-Opening-Berlin-Defense-4.O-O"]
[UTCDate "2010.12.10"]
[UTCTime "06:01:25"]
[WhiteElo "1656"]
[BlackElo "1663"]
[TimeControl "120+1"]
[Termination "pjnk won by resignation"]
[StartTime "06:01:25"]
[EndDate "2010.12.10"]
[EndTime "06:02:16"]
[Link "https://www.chess.com/game/live/75813869"]

1. e4 e5 2. Nf3 Nc6 3. Bb5 Nf6 4. O-O Nd4 5. Nxd4 exd4 6. e5 c6 7. exf6 cxb5 8. Re1+ Be7 9. Rxe7+ Kf8 10. Qh5 g6 11. Qh6+ 1-0

[Event "Live Chess"]
[Site "Chess.com"]
[Date "2010.12.10"]
[Round "-"]
[White "deathrider2010"]
[Black "hipposcottimus"]
[Result "0-1"]
[CurrentPosition "r1bq1rk1/pp2bppp/5n2/8/3p4/1P1P1N2/1BK1BPPP/3R2NR b - -"]
[Timezone "UTC"]
[ECO "A00"]
[ECOUrl "https://www.chess.com/openings/Mieses-Opening-Reversed-Rat-Variation"]
[UTCDate "2010.12.10"]
[UTCTime "05:58:49"]
[WhiteElo "1500"]
[BlackElo "1672"]
[TimeControl "60"]
[Termination "hipposcottimus won by resignation"]
[StartTime "05:58:49"]
[EndDate "2010.12.10"]
[EndTime "05:59:29"]
[Link "https://www.chess.com/game/live/75813420"]

1. d3 e5 2. c3 d5 3. b3 c5 4. Bb2 Nc6 5. Nd2 d4 6. Qc2 Nf6 7. e3 Be7 8. exd4 cxd4 9. cxd4 exd4 10. O-O-O O-O 11. Ndf3 Nb4 12. Qe2 Nxa2+ 13. Kb1 Nc3+ 14. Kc2 Nxe2 15. Bxe2 0-1

[Event "Live Chess"]
[Site "Chess.com"]
[Date "2010.12.10"]
[Round "-"]
[White "sitan123"]
[Black "hipposcottimus"]
[Result "0-1"]
[CurrentPosition "2k5/1pp2p1p/3p4/8/PPP1P3/2N2qr1/3QK3/R7 w - -"]
[Timezone "UTC"]
[ECO "C23"]
[ECOUrl "https://www.chess.com/openings/Bishops-Opening-2...Nc6"]
[UTCDate "2010.12.10"]
[UTCTime "05:55:30"]
[WhiteElo "1530"]
[BlackElo "1668"]
[TimeControl "60"]
[Termination "hipposcottimus won on time"]
[StartTime "05:55:30"]
[EndDate "2010.12.10"]
[EndTime "05:57:39"]
[Link "https://www.chess.com/game/live/75812785"]

1. e4 e5 2. Bc4 Nc6 3. Qh5 g6 4. Qd1 Nf6 5. Be2 Nxe4 6. d3 Nf6 7. Nf3 Be7 8. O-O d6 9. Bg5 Bg4 10. Bh6 Qd7 11. c4 O-O-O 12. Nc3 Nd4 13. b4 Nxf3+ 14. Bxf3 Bxf3 15. Qxf3 Nh5 16. Be3 Rhg8 17. Bxa7 Nf6 18. Be3 e4 19. dxe4 g5 20. Qe2 g4 21. f3 gxf3 22. Qxf3 Ng4 23. Qe2 Nxe3 24. Qxe3 Bg5 25. Qe2 Rg6 26. a4 Rdg8 27. g3 Bf6 28. Qd2 Be5 29. Rf3 Bxg3 30. hxg3 Rxg3+ 31. Rxg3 Rxg3+ 32. Kf1 Qh3+ 33. Ke1 Qh1+ 34. Ke2 Qf3+ 0-1

[Event "Live Chess"]
[Site "Chess.com"]
[Date "2010.12.10"]
[Round "-"]
[White "hackbuddy"]
[Black "hipposcottimus"]
[Result "1-0"]
[CurrentPosition "1r6/R6R/6pk/6br/1BP5/1KN5/PP6/8 b - -"]
[Timezone "UTC"]
[ECO "C20"]
[ECOUrl "https://www.chess.com/openings/Kings-Pawn-Opening-Wayward-Queen-Attack-2...Nc6-3.Bc4"]
[UTCDate "2010.12.10"]
[UTCTime "05:51:56"]
[WhiteElo "1415"]
[BlackElo "1663"]
[TimeControl "60"]
[Termination "hackbuddy won by checkmate"]
[StartTime "05:51:56"]
[EndDate "2010.12.10"]
[EndTime "05:53:42"]
[Link "https://www.chess.com/game/live/75812114"]

1. e4 e5 2. Qh5 Nc6 3. Bc4 g6 4. Qf3 Nf6 5. Qb3 d5 6. exd5 Nd4 7. Bb5+ Bd7 8. Bxd7+ Qxd7 9. Qxb7 Qxd5 10. Qxd5 Nxd5 11. Kd1 Bg7 12. Ne2 O-O 13. Nxd4 exd4 14. c3 dxc3 15. dxc3 Nf4 16. Bxf4 Rad8+ 17. Kc2 Rfe8 18. Bxc7 Rc8 19. Ba5 Bf6 20. Rd1 Bg5 21. Rd7 Re2+ 22. Kb3 Kg7 23. c4 Rxf2 24. Rxa7 Rxg2 25. Bd2 Rb8+ 26. Bb4 Bf6 27. Nc3 Rxh2 28. Rd1 Rh5 29. Rdd7 Kh6 30. Rxf7 Bg5 31. Rxh7# 1-0

[Event "Live Chess"]
[Site "Chess.com"]
[Date "2010.12.10"]
[Round "-"]
[White "hipposcottimus"]
[Black "dantime13"]
[Result "1-0"]
[CurrentPosition "8/4Q3/3p1Bp1/5p1p/P1k1P3/8/1P3PPP/6K1 b - a3"]
[Timezone "UTC"]
[ECO "B10"]
[ECOUrl "https://www.chess.com/openings/Caro-Kann-Defense-2.Nf3"]
[UTCDate "2010.12.10"]
[UTCTime "05:40:13"]
[WhiteElo "1675"]
[BlackElo "1636"]
[TimeControl "60"]
[Termination "hipposcottimus won on time"]
[StartTime "05:40:13"]
[EndDate "2010.12.10"]
[EndTime "05:41:51"]
[Link "https://www.chess.com/game/live/75809688"]

1. e4 c6 2. Nf3 b5 3. d4 Bb7 4. c4 Qc7 5. cxb5 cxb5 6. Nc3 a6 7. Bd3 g6 8. O-O Bg7 9. Re1 h5 10. Nd5 f6 11. Nxc7+ Kd8 12. Nxa8 Bxa8 13. Qb3 d6 14. Bxb5 axb5 15. Qxb5 Kc8 16. Qc4+ Bc6 17. Be3 Nh6 18. d5 Kd7 19. dxc6+ Nxc6 20. Rec1 Rc8 21. Rc2 f5 22. Nd4 Bxd4 23. Bxd4 Ng4 24. Bg7 Rc7 25. Qa4 Ne5 26. Rac1 Nd3 27. Rxc6 Nxc1 28. Rxc1+ Kc8 29. Rxc7+ Kxc7 30. Qe8 Kb6 31. Qxe7 Kc5 32. Bf6 Kc4 33. a4 1-0

[Event "Live Chess"]
[Site "Chess.com"]
[Date "2010.12.10"]
[Round "-"]
[White "dantime13"]
[Black "hipposcottimus"]
[Result "1-0"]
[CurrentPosition "1k6/5p2/5B2/b1p2P2/1pP2P1K/8/1r5P/8 b - -"]
[Timezone "UTC"]
[ECO "C44"]
[ECOUrl "https://www.chess.com/openings/Ponziani-Opening-Jaenisch-Counterattack-4.d4"]
[UTCDate "2010.12.10"]
[UTCTime "05:36:47"]
[WhiteElo "1643"]
[BlackElo "1668"]
[TimeControl "60"]
[Termination "dantime13 won on time"]
[StartTime "05:36:47"]
[EndDate "2010.12.10"]
[EndTime "05:39:09"]
[Link "https://www.chess.com/game/live/75809041"]

1. e4 e5 2. Nf3 Nc6 3. c3 Nf6 4. d4 d5 5. dxe5 dxe4 6. Qxd8+ Nxd8 7. exf6 exf3 8. fxg7 Bxg7 9. gxf3 Be6 10. Bg2 Nc6 11. O-O Bd7 12. Nd2 O-O-O 13. Nc4 Rhg8 14. Bf4 Bf6 15. Rae1 Bh3 16. Bg3 Be6 17. Ne3 b5 18. f4 Ne7 19. f3 Nf5 20. Nxf5 Bxf5 21. Re2 Bd3 22. Ree1 Bxf1 23. Rxf1 h5 24. Kh1 h4 25. Bf2 Rh8 26. Bh3+ Kb8 27. Rg1 Rdg8 28. Bc5 Rd8 29. Kg2 Rd2+ 30. Kf1 Rxb2 31. Bd4 Rb1+ 32. Kf2 Rxg1 33. Kxg1 Rg8+ 34. Kf2 Be7 35. c4 b4 36. Bb2 c5 37. a3 a5 38. axb4 axb4 39. Bg2 Bd8 40. f5 Ba5 41. f4 Rg7 42. Kf3 Rg8 43. Bf1 Rd8 44. Bd3 Rxd3+ 45. Kg4 Rb3 46. Bf6 Rb2 47. Kxh4 1-0

[Event "Live Chess"]
[Site "Chess.com"]
[Date "2010.12.10"]
[Round "-"]
[White "hipposcottimus"]
[Black "rodolf"]
[Result "1-0"]
[CurrentPosition "r4rb1/p5pp/3pk3/4n3/5nP1/1PN5/P1P2P1P/R4RK1 b - -"]
[Timezone "UTC"]
[ECO "C41"]
[ECOUrl "https://www.chess.com/openings/Philidor-Defense-3.Bc4"]
[UTCDate "2010.12.10"]
[UTCTime "05:32:22"]
[WhiteElo "1677"]
[BlackElo "1636"]
[TimeControl "60"]
[Termination "hipposcottimus won on time"]
[StartTime "05:32:22"]
[EndDate "2010.12.10"]
[EndTime "05:34:26"]
[Link "https://www.chess.com/game/live/75808219"]

1. e4 e5 2. Nf3 d6 3. Bc4 Bg4 4. d4 Nd7 5. Qd3 Be7 6. dxe5 dxe5 7. Qd5 Bh5 8. Nxe5 Ngf6 9. Nxf7 Nxd5 10. Nxd8 N5b6 11. Nxb7 Nxc4 12. b3 Nce5 13. Na5 Bf7 14. Nc6 Bd6 15. Nd4 Ke7 16. Nb5 Ke6 17. Nxd6 cxd6 18. Bf4 Ng6 19. O-O Rhf8 20. g3 Bg8 21. g4 Nxf4 22. e5 Nxe5 23. Nc3 1-0

[Event "Live Chess"]
[Site "Chess.com"]
[Date "2010.12.10"]
[Round "-"]
[White "hipposcottimus"]
[Black "leonardodavinci1964"]
[Result "1-0"]
[CurrentPosition "2Q5/7p/6p1/8/3k1p2/8/P6P/1K6 b - -"]
[Timezone "UTC"]
[ECO "C00"]
[ECOUrl "https://www.chess.com/openings/Pirc-Defense-Small-Center-Defense"]
[UTCDate "2010.12.10"]
[UTCTime "05:17:24"]
[WhiteElo "1670"]
[BlackElo "1444"]
[TimeControl "60"]
[Termination "hipposcottimus won by resignation"]
[StartTime "05:17:24"]
[EndDate "2010.12.10"]
[EndTime "05:19:22"]
[Link "https://www.chess.com/game/live/75805333"]

1. e4 e6 2. d4 d6 3. e5 c6 4. Nf3 dxe5 5. dxe5 Qxd1+ 6. Kxd1 Bc5 7. Bd2 Bxf2 8. Nc3 Bc5 9. Ne4 Bb6 10. Bc3 Ne7 11. Kd2 Nf5 12. Rd1 Be3+ 13. Ke1 O-O 14. Bd2 Bxd2+ 15. Rxd2 b5 16. Kd1 Bb7 17. Kc1 Na6 18. Nc3 Rad8 19. Be2 Rxd2 20. Kxd2 Rd8+ 21. Kc1 c5 22. Rd1 b4 23. Bxa6 Rxd1+ 24. Nxd1 Bxa6 25. c3 bxc3 26. Nxc3 g6 27. Kb1 Kf8 28. g4 Nd4 29. Nd2 Ke7 30. Nb3 c4 31. Nxd4 Kd7 32. Ncb5 Bxb5 33. Nxb5 Kc6 34. Nxa7+ Kd5 35. Nb5 Kxe5 36. Nc7 Kf4 37. Na6 Kxg4 38. Nb4 Kf4 39. Nc2 e5 40. b3 e4 41. bxc4 e3 42. Nxe3 Kxe3 43. c5 Kd4 44. c6 f5 45. c7 f4 46. c8=Q 1-0